 Dungeon Crawl Stone Soup version 0.23.1 (webtiles) character file.

Game seed: 4715429332234765043

23877 markt42 the Basher (level 13, -1/78 HPs)
             Began as a Gargoyle Fighter on Mar 10, 2019.
             Was the Champion of Okawaru.
             Slain by Rupert
             ... wielding a +3 great mace of protection
              (4 damage)
             ... on level 3 of the Lair of Beasts.
             The game lasted 00:19:50 (13512 turns).

markt42 the Basher (Gargoyle Fighter)              Turns: 13512, Time: 00:19:50

Health: -1/78      AC: 39    Str: 22    XL:     13   Next: 9%
Magic:  0/4        EV:  8    Int:  8    God:    Okawaru [******]
Gold:   481        SH:  0    Dex: 20    Spells: 12/12 levels left

rFire    + . .     SeeInvis .   b - +9 scythe of Linearity {antimagic, Fragile rElec rC+ Dex+4}
rCold    + + .     Gourm    .   (shield currently unavailable)
rNeg     + . .     Faith    .   y - +1 plate armour
rPois    ∞         Spirit   +   (no helmet)
rElec    +         Reflect  .   B - scarf {rC+ rF+}
rCorr    .         Harm     .   o - +2 pair of gloves {Dex+3}
MR       +....                  g - +2 pair of boots
Stlth    ..........             e - amulet of guardian spirit
HPRegen  0.23/turn              j - +6 ring of protection
MPRegen  0.09/turn              p - ring of protection from magic

@: no status effects
A: negative energy resistance 1, electricity resistance, unbreathing,
petrification resistance, rot immunity, AC +9
a: Heroism, Finesse, Renounce Religion


You were on level 3 of the Lair of Beasts.
You worshipped Okawaru.
Okawaru was exalted by your worship.
You were very hungry.

You visited 3 branches of the dungeon, and saw 14 of its levels.

You collected 798 gold pieces.
You spent 317 gold pieces at shops.

Inventory:

Hand Weapons
 b - the +9 scythe of Linearity (weapon) {antimagic, Fragile rElec rC+ Dex+4}
   (You found it on level 7 of the Dungeon)

   It reduces the magical energy of the wielder, and disrupts the spells and
   magical abilities of those hit.
   Natural abilities and divine invocations are not affected.
   It affects your dexterity (+4).
   It protects you from cold.
   It insulates you from electricity.
   It will be destroyed if unequipped.
Armour
 c - a +0 shield
 g - a +2 pair of boots (worn)
 o - a +2 pair of gloves of dexterity (worn)
 y - a +1 plate armour (worn)
 B - a scarf of resistance (worn)
Jewellery
 e - an amulet of guardian spirit (around neck)
 j - a +6 ring of protection (left hand)
 l - an uncursed amulet of faith
 p - a ring of protection from magic (right hand)
Wands
 t - a wand of disintegration (3)
 u - a wand of flame (16)
 w - a wand of digging (3)
Scrolls
 a - a scroll of teleportation
 i - 10 scrolls of remove curse
 m - 15 scrolls of identify
 v - 3 scrolls of magic mapping
 z - 2 scrolls of enchant weapon
 A - a scroll of amnesia
Potions
 h - 2 potions of resistance
 k - 2 potions of curing
 n - a potion of flight
 s - 3 potions of cancellation
Comestibles
 f - 32 rations


   Skills:
 + Level 8.0 Fighting
   Level 12.4 Maces & Flails
 + Level 9.8 Polearms
 * Level 12.2 Armour
 + Level 2.4 Dodging
 + Level 6.7 Shields
 + Level 1.2 Evocations


You had 12 spell levels left.
You didn't know any spells.
Your spell library contained the following spells:

 Spells                   Type           Power        Failure   Level  Hunger
 Animate Skeleton         Necr           N/A          99%         1    ##.....
 Apportation              Tloc           #.....       99%         1    ##.....
 Beastly Appendage        Tmut           #.....       99%         1    ##.....
 Confusing Touch          Hex            #.....       99%         1    ##.....
 Infusion                 Chrm           #...         99%         1    ##.....
 Magic Dart               Conj           #...         99%         1    ##.....
 Summon Small Mammal      Summ           #...         99%         1    ##.....
 Blink                    Tloc           N/A          100%        2    ###....
 Call Imp                 Summ           #.......     100%        2    ###....
 Shroud of Golubria       Chrm/Tloc      #.........   100%        2    ###....
 Slow                     Hex            #.......     100%        2    ###....
 Song of Slaying          Chrm           #.......     100%        2    ###....
 Sticks to Snakes         Tmut           #.......     100%        2    ###....
 Conjure Flame            Conj/Fire      #.......     100%        3    ####...
 Mephitic Cloud           Conj/Pois/Air  #.......     100%        3    ####...
 Recall                   Summ/Tloc      N/A          100%        3    ####...
 Regeneration             Chrm/Necr      #.........   100%        3    ####...
 Spectral Weapon          Hex/Chrm       #.......     100%        3    ####...
 Spider Form              Tmut/Pois      #.........   100%        3    ####...
 Static Discharge         Conj/Air       #.......     100%        3    ####...
 Ice Form                 Ice/Tmut       #.......     100%        4    #####..
 Aura of Abjuration       Summ           #.........   100%        5    ######.
 Blade Hands              Tmut           #.........   100%        5    ######.
 Bolt of Magma            Conj/Fire/Erth #.........   100%        5    ######.
 Iskenderun's Battlesphe  Conj/Chrm      #.......     100%        5    ######.
 Lightning Bolt           Conj/Air       #.........   100%        5    ######.
 Summon Demon             Summ           #.........   100%        5    ######.
 Summon Forest            Summ/Tloc      #.........   100%        5    ######.
 Summon Mana Viper        Hex/Summ       #.......     100%        5    ######.
 Venom Bolt               Conj/Pois      #.........   100%        5    ######.
 Iron Shot                Conj/Erth      #.........   100%        6    #######
 Shadow Creatures         Summ           N/A          100%        6    #######
 Orb of Destruction       Conj           #.........   100%        7    #######
 Spellforged Servitor     Conj/Summ      #.........   100%        7    #######
 Ignition                 Fire           #.........   100%        8    #######
 Shatter                  Erth           #.........   100%        9    #######
 Tornado                  Air            #.........   100%        9    #######


Dungeon Overview and Level Annotations

Branches:
Dungeon (10/15)            Temple (1/1) D:7            Lair (3/6) D:9
    Orc (0/2) D:10
  Swamp: Lair:2-4    Shoals: Lair:2-4     Snake: Lair:2-4    Spider: Lair:2-4

Altars:
Ashenzari
Cheibriados
Dithmenos
Elyvilon
Fedhas
Gozag
Hepliaklqana
Kikubaaqudgha
Makhleb
Nemelex Xobeh
Okawaru
Qazlal
Ru
Sif Muna
Trog
Uskayaw
Vehumet
Wu Jian
Xom
Yredelemnul
Zin
The Shining One

Shops:
D:4 *   D:8 !

Portals:
Trove: D:10 (give +3 ice dragon scales)

Annotations:
Lair:3 Rupert


Innate Abilities, Weirdness & Mutations

You are resistant to torment.
Your stone body is resilient. (AC +9)
You are immune to poison.
You resist negative energy. (rN+)
You are resistant to electric shocks. (rElec)
You can survive without breathing.
You are immune to petrification.
You are immune to rotting.


Message History

Rupert hits you but does no damage. Rupert completely misses you.
You hit Rupert.
Rupert's magic leaks into the air.
Rupert is lightly wounded.
Rupert hits you but does no damage. Rupert completely misses you.
You hit Rupert.
Rupert's magic leaks into the air.
Rupert is lightly wounded.
Rupert hits you with a +3 great mace of protection.
You slash Rupert!
Rupert's magic leaks into the air.
Rupert is moderately wounded.
You are feeling very hungry.
Rupert hits you with a +3 great mace of protection!!
Rupert hits you with a +3 great mace of protection.
Rupert hits you with a +3 great mace of protection!
* * * LOW HITPOINT WARNING * * *
Rupert hits you with a +3 great mace of protection!
* * * LOW HITPOINT WARNING * * *
Rupert hits you with a +3 great mace of protection.
* * * LOW HITPOINT WARNING * * *
Rupert hits you with a +3 great mace of protection.
You die...

#.......# ##.(........## #P...
#.......#######P........#.###P...
........##.....'...>.......###.$.
#..........##.##.............'...
........#P.####.........##.###...
........#### ##........#### #...
#..#...## #####+.#.## ##.#
##...### #..@..#### #.#.
###...#### #.@#### ###..
P#.#...#.#######...#### #.#+.
....>^...#.##.........#######....
..........#.........(......##....
.........#..##..............#....
...........#.....<....#####......
..........###.........## ###....
.........## ##.........# #....
#P..#.###.# #........## ##..P


You could see Rupert (berserk).

Vanquished Creatures
  2 hydras
  3 two-headed ogres
  6 death yaks (Lair:1)
  A tengu warrior (D:7)
  Pikel (D:5)
  2 black mambas (Lair:1)
  6 elephants (Lair:3)
  A rime drake (Lair:3)
  2 komodo dragons
  A queen bee (Lair:1)
  4 trolls
  A hornet (D:8)
  Prince Ribbit (D:6)
  2 hippogriffs
  11 yaks
  2 wyverns
  2 hungry ghosts
  A steam dragon (D:9)
  Menkaure (D:7)
  Edmund (D:4)
  2 acid dragons
  3 water moccasins
  8 orc warriors
  3 porcupines
  3 black bears
  3 sky beasts
  A necrophage (D:10)
  4 ice beasts
  8 ogres
  4 wolves
  6 centaurs
  2 big kobolds
  3 crocodiles
  13 bullfrogs
  A wyvern zombie (D:10)
  5 scorpions
  23 killer bees
  3 wights (D:6)
  A crimson imp (D:6)
  A jelly (D:6)
  2 quasits (D:9)
  2 bullfrog skeletons
  9 hounds
  2 orc priests
  A centaur skeleton (D:3)
  9 orc wizards
  6 iguanas
  4 worker ants
  A killer bee zombie (D:10)
  2 hound zombies
  4 worker ant zombies
  4 gnolls (D:9)
  11 adders
  2 shadow imps
  An adder zombie (D:7)
  An adder skeleton (D:4)
  5 worms
  A dart slug (D:1)
  6 leopard geckos
  57 orcs
  4 giant cockroaches
  3 goblins
  3 hobgoblins
  7 jackals
  3 quokkas
  5 bats
  6 frilled lizards
  A jackal zombie (D:6)
  11 kobolds
  A quokka skeleton (D:4)
  5 rats
327 creatures vanquished.

Vanquished Creatures (others)
  A slave (D:5)
  An orc wizard (D:8)
  A shadow imp (D:5)
  A quokka (D:5)
  3 fungi (Lair:2)
  A plant (D:9)
8 creatures vanquished.

Grand Total: 335 creatures vanquished

Notes
Turn   | Place    | Note
-------+----------+-------------------------------------------
     0 | D:1      | markt42 the Gargoyle Fighter began the quest for the Orb.
     0 | D:1      | Reached XP level 1. HP: 14/14 MP: 1/1
    87 | D:1      | Reached XP level 2. HP: 12/19 MP: 2/2
   672 | D:2      | Found a snail-covered altar of Cheibriados.
   673 | D:2      | Found an iron altar of Okawaru.
   673 | D:2      | Found an opulent altar of Gozag.
   677 | D:2      | Became a worshipper of Warmaster Okawaru
   704 | D:2      | Reached XP level 3. HP: 18/23 MP: 3/3
   783 | D:2      | Found a faded altar of an unknown god.
  1289 | D:2      | Found a glowing golden altar of the Shining One.
  1598 | D:3      | Reached XP level 4. HP: 26/28 MP: 4/4
  1666 | D:3      | Found a basalt altar of Yredelemnul.
  2238 | D:3      | Reached XP level 5. HP: 13/33 MP: 5/5
  2617 | D:4      | Reached XP level 6. HP: 30/38 MP: 6/6
  2619 | D:4      | Noticed Edmund
  2628 | D:4      | Killed Edmund
  2628 | D:4      | Reached * piety under Okawaru
  2628 | D:4      | Reached skill level 5 in Maces & Flails
  2686 | D:4      | You fall through a shaft!
  2686 | D:5      | Entered Level 5 of the Dungeon
  2758 | D:5      | Noticed a slave
  2774 | D:5      | Noticed Pikel
  2788 | D:5      | Noticed a slave
  2789 | D:5      | Killed Pikel
  2789 | D:5      | Reached ** piety under Okawaru
  2789 | D:5      | Reached skill level 5 in Armour
  2789 | D:5      | Reached skill level 1 in Dodging
  2789 | D:5      | Reached XP level 7. HP: 44/44 MP: 7/7
  2846 | D:5      | Reached XP level 8. HP: 48/48 MP: 8/8
  2946 | D:4      | Found Lopnoax's Assorted Antiques.
  2979 | D:4      | Bought a pair of glowing gloves for 187 gold pieces
  3604 | D:5      | Identified the +3 long sword of Vaonere {vamp, *Rage MP+9
                  | Int+7} (You found it on level 5 of the Dungeon)
  3838 | D:5      | Reached *** piety under Okawaru
  4118 | D:6      | Noticed Prince Ribbit
  4130 | D:6      | Reached skill level 5 in Shields
  4136 | D:6      | Reached skill level 5 in Fighting
  4170 | D:6      | Killed Prince Ribbit
  4170 | D:6      | Reached XP level 9. HP: 39/54 MP: 9/9
  4228 | D:6      | Reached **** piety under Okawaru
  4772 | D:7      | Noticed Menkaure
  4779 | D:7      | Killed Menkaure
  4867 | D:7      | Reached skill level 10 in Maces & Flails
  4875 | D:7      | Noticed a troll
  4876 | D:7      | Noticed a tengu warrior
  4882 | D:7      | Killed a troll
  4893 | D:7      | Killed a tengu warrior
  4893 | D:7      | Reached ***** piety under Okawaru
  4893 | D:7      | Reached XP level 10. HP: 15/60 MP: 10/10
  5150 | D:7      | Got a smoking scythe
  5178 | D:7      | Identified the +9 scythe of Linearity {antimagic, Fragile
                  | rElec rC+ Dex+4} (You found it on level 7 of the Dungeon)
  5330 | D:7      | Reached skill level 1 in Polearms
  5457 | D:7      | Found a snail-covered altar of Cheibriados.
  5520 | D:7      | Found a staircase to the Ecumenical Temple.
  5578 | Temple   | Entered the Ecumenical Temple
  6183 | D:8      | Found Puup's Distillery.
  6191 | D:8      | Bought a potion of curing for 30 gold pieces
  6191 | D:8      | Bought a potion of curing for 30 gold pieces
  6191 | D:8      | Bought a potion of might for 40 gold pieces
  6191 | D:8      | Bought a potion of curing for 30 gold pieces
  6427 | D:8      | Noticed a six-headed hydra
  6427 | D:8      | Noticed a two-headed ogre
  6432 | D:8      | Killed a two-headed ogre
  6432 | D:8      | Reached XP level 11. HP: 62/64 MP: 3/11
  6453 | D:8      | Killed an eight-headed hydra
  6825 | D:9      | Noticed a two-headed ogre
  6834 | D:9      | Killed a two-headed ogre
  7225 | D:8      | Reached skill level 5 in Polearms
  7395 | D:9      | Found an ornate altar of the Wu Jian Council.
  7652 | D:9      | Found a staircase to the Lair.
  8148 | D:10     | Entered Level 10 of the Dungeon
  8251 | D:10     | Found a portal to a secret trove of treasure.
  8562 | D:10     | Received a gift from Okawaru
  8712 | D:10     | Reached skill level 10 in Armour
  8760 | D:10     | Found a staircase to the Orcish Mines.
  9243 | D:10     | Noticed a two-headed ogre
  9249 | D:10     | Killed a two-headed ogre
  9606 | Lair:1   | Entered Level 1 of the Lair of Beasts
  9718 | Lair:1   | Reached XP level 12. HP: 65/72 MP: 4/12
 10475 | Lair:2   | Noticed a death yak
 10475 | Lair:2   | Noticed a death yak
 10475 | Lair:2   | Noticed a death yak
 10475 | Lair:2   | Noticed a death yak
 10476 | Lair:2   | Noticed a death yak
 10476 | Lair:2   | Noticed a five-headed hydra
 10477 | Lair:2   | Noticed a death yak
 10496 | Lair:1   | Killed a death yak
 10576 | Lair:1   | Killed a five-headed hydra
 10587 | Lair:1   | Killed a death yak
 10587 | Lair:1   | Reached ****** piety under Okawaru
 10935 | Lair:1   | Killed a death yak
 10942 | Lair:1   | Killed a death yak
 10942 | Lair:1   | Received a gift from Okawaru
 11054 | Lair:1   | Killed a death yak
 11061 | Lair:1   | Killed a death yak
 12383 | Lair:3   | Noticed Rupert
 12409 | Lair:3   | HP: 1/73 [Rupert/+3 great mace of protection (11)]
 12929 | Lair:3   | Reached skill level 1 in Evocations
 12953 | Lair:3   | Reached XP level 13. HP: 46/78 MP: 2/13
 13241 | Lair:3   | Received a gift from Okawaru
 13491 | Lair:3   | Paralysed by Rupert for 4 turns
 13510 | Lair:3   | HP: 3/78 [Rupert/+3 great mace of protection (2)]
 13512 | Lair:3   | Slain by Rupert

Skill      XL: |  1  2  3  4  5  6  7  8  9 10 11 12 13 |
---------------+----------------------------------------+-----
Maces & Flails | 3 4 6 7 9 10 11 12 | 12.4
Armour         | 4 5 7 8 10 12 | 12.2
Shields        | 4 5 6 |  6.7
Fighting       | 4 5 6 7 8 |  8.0
Dodging        | 1 2 |  2.4
Polearms       | 4 7 9 |  9.8
Evocations     | 1 |  1.2

Action                   |  1- 3 |  4- 6 |  7- 9 | 10-12 | 13-15 || total
-------------------------+-------+-------+-------+-------+-------++-------
Melee: Flail             |   121 |   117 |   314 |    19 |       ||   571
       Scythe            |       |       |       |   702 |    49 ||   751
Evoke: Wand              |       |       |     1 |    11 |     6 ||    18
  Use: Scroll            |     8 |     2 |    10 |     6 |     1 ||    27
       Potion            |     2 |     5 |     9 |    16 |       ||    32
 Stab: Invisible         |       |       |     3 |       |       ||     3
  Eat: Chunk             |     2 |     4 |     8 |    15 |     2 ||    31
       Ration            |       |       |       |     6 |       ||     6
Armor: Scale mail        |    79 |    67 |       |       |       ||   146
       Chain mail        |       |    16 |   195 |   166 |       ||   377
       Plate armour      |       |       |       |  1005 |    66 ||  1071
Dodge: Dodged            |    52 |    33 |    92 |   596 |    30 ||   803
Block: Shield            |    68 |    63 |   155 |     8 |       ||   294
